 Dungeon Crawl Stone Soup version 0.29.0-4-gdea44cf6ec (webtiles) character file.

Game seed: 13526331840044365021

72 qw the Ruffian (level 4, -4/35 HPs)
             Began as a Ghoul Fire Elementalist on Aug 29, 2022.
             Killed from afar by an orc wizard (6 damage)
             ... with a magic dart
             ... on level 3 of the Dungeon.
             The game lasted 00:02:20 (3329 turns).

qw the Ruffian (Ghoul Fire Elementalist)            Turns: 3329, Time: 00:02:21

Health: -4/35      AC:  7    Str: 13    XL:     4   Next: 26%
Magic:  5/5        EV: 10    Int: 10    God:
Gold:   127        SH:  0    Dex:  9    Spells: 5/6 levels left

rFire   . . .      SeeInvis .     - Unarmed
rCold   + . .      Faith    .   (no shield)
rNeg    + + +      Spirit   .   b - +0 ring mail
rPois   inf        Reflect  +   k - +0 helmet
rElec   .          Harm     .   (no cloak)
rCorr   .          Rampage  .   (no gloves)
Will    .....                   a - +0 pair of boots
Stlth   ..........              h - amulet of reflection
HPRegen 0.00/turn               (no ring)
MPRegen 0.09/turn               (no ring)

@: confused, inhibited regen
A: claws 1, cold resistance 1, negative energy resistance 3, inhibited
regeneration, torment resistance 2, devour on kill
a: no special abilities


You were on level 3 of the Dungeon.
You visited 1 branch of the dungeon, and saw 3 of its levels.

You collected 127 gold pieces.


Innate Abilities, Weirdness & Mutations

You are immune to poison.
You have sharp fingernails.
Your flesh is cold resistant. (rC+)
You are immune to negative energy. (rN+++)
You do not regenerate when monsters are visible.
You are immune to unholy pain and torment.
You thrive by killing the living.


   Skills:
 - Level 1.2 Fighting
 - Level 1.7 Dodging
 - Level 2.1 Stealth
 + Level 3.8 Unarmed Combat
 - Level 1.7 Spellcasting
 - Level 0.7 Conjurations
 - Level 2.4 Fire Magic


You had 5 spell levels left.
You knew the following spells:

 Your Spells              Type           Power      Damage    Failure   Level
a - Foxfire               Conj/Fire      16%        2x1d4     36%         1

Your spell library contained the following spells:

 Spells                   Type           Power      Damage    Failure   Level
 Scorch                   Fire           10%        2d6       36%         2
 Conjure Flame            Conj/Fire      4%         6-21      73%         3
 Inner Flame              Hex/Fire       3%         N/A       78%         3
 Flame Wave               Conj/Fire      4%         2d5       98%         4

Inventory:

Armour
 a - a +0 pair of boots (worn)
 b - a +0 ring mail (worn)
 f - a +0 plate armour
 k - a +0 helmet (worn)
Jewellery
 h - an amulet of reflection (around neck)
 j - a ring of ice
Scrolls
 c - a scroll of blinking {unknown}
 e - a scroll of identify
 i - a scroll of immolation {unknown}
 Y - 2 scrolls of teleportation
Potions
 d - a potion of invisibility {unknown}
 g - 5 potions of heal wounds
 l - a potion of mutation

Dungeon Overview and Level Annotations

Branches:
Dungeon (3/15)

Altars:
Cheibriados
Dithmenos
Gozag


Message History

You kill the goblin!
Something hits you but does no damage.
You miss something. Something hits you but does no damage.
You closely miss something. You block something's attack.
You closely miss something.
You hear some strange, mumbled words.
A magic dart appears from out of thin air!
The magic dart hits you.
You closely miss something. You miss something. You block something's attack.
You scratch something.
You hear some strange, mumbled words.
A magic dart appears from out of thin air!
The magic dart hits you.
You miss something. Something hits you but does no damage.
You miss something.
You hear some strange, mumbled words.
A puff of flame appears from out of thin air!
The puff of flame hits you.
You completely miss something.
You hear some strange, mumbled words.
You are confused.
You're too confused to attack without stumbling around!
There is a strange disturbance nearby!
Something hits you.
You're too confused to attack without stumbling around!
There is a strange disturbance nearby!
You hear some strange, mumbled words.
A puff of flame appears from out of thin air!
The puff of flame hits you!
You're too confused to attack without stumbling around!
There is a strange disturbance nearby!
You hear some strange, mumbled words.
A magic dart appears from out of thin air!
The magic dart hits you.
You die...

#......#########....#.........#.
##......# ###..............
.....#### #.#..........#.
.....##### #.#.#.......##.
.........# ####
###.#.#######....
.........###...##.....# #....
.........##.....##...## . ##...
##.......#.....{.#...#.... #...
#.......#......@)...'.... #..#
##.......#.......#...#.... #..#
.........##.....##...##... ##...
.........###...# #...# #.. #....
.........# #### #...# ## #....
####.....# #...# #.... ##
#.....# #...# ##... .# #.....#
#...# #.#. .# #.....# #...


There were no monsters in sight!

Vanquished Creatures
  An adder (D:3)
  2 worms
  3 endoplasms
  7 giant cockroaches
  4 goblins (D:3)
  4 hobgoblins
  5 jackals (D:2)
  8 kobolds
  2 quokkas (D:1)
  6 ball pythons
  5 bats
  A frilled lizard (D:2)
  4 rats
52 creatures vanquished.

Notes
Turn   | Place    | Note
-------+----------+-------------------------------------------
     0 | D:1      | qw the Ghoul Fire Elementalist began the quest for the Orb.
     0 | D:1      | Reached XP level 1. HP: 14/14 MP: 2/2
     0 | D:1      | 0 ||| qw: Version: 0.1-a-90-g952f4b7
     0 | D:1      | 0 ||| qw: Game counter: 3672
     0 | D:1      | 0 ||| qw: Always use a shield: true
     0 | D:1      | 0 ||| qw: God list: Okawaru
     0 | D:1      | 0 ||| qw: Allow faded altars: false
     0 | D:1      | 0 ||| qw: Do Orc after D:15 true
     0 | D:1      | 0 ||| qw: Do second Lair branch before Depths: true
     0 | D:1      | 0 ||| qw: Lair rune preference: random
     0 | D:1      | 0 ||| qw: Plans: Normal
     0 | D:1      | 0 ||| PLANNING D:1-11
    40 | D:1      | HP: 3/14 [bat (1)]
    55 | D:1      | HP: 2/14 [bat (1)]
   565 | D:1      | Reached skill level 1 in Unarmed Combat
   917 | D:1      | HP: 3/15 [quokka (1)]
   919 | D:1      | Reached skill level 1 in Fighting
   919 | D:1      | Reached XP level 2. HP: 5/23 MP: 3/3
  1517 | D:1      | Found a faded altar of an unknown god.
  1666 | D:1      | 1666 ||| UPGRADING to +0 leather armour.
  1676 | D:1      | 1676 ||| DROPPING +0 robe.
  1677 | D:1      | 1677 ||| UPGRADING to amulet of the acrobat.
  1682 | D:1      | 1682 ||| UPGRADING to amulet of reflection.
  1692 | D:1      | 1692 ||| DROPPING amulet of the acrobat.
  1693 | D:1      | 1693 ||| READING scroll labelled YSOEBU TAIHICLY.
  1694 | D:1      | 1694 ||| READING scroll labelled PUKIOCVOTEU.
  1695 | D:1      | 1695 ||| DRINKING 2 sapphire potions.
  1696 | D:1      | 1696 ||| DROPPING potion of magic.
  1864 | D:2      | Reached skill level 2 in Unarmed Combat
  1987 | D:2      | 1987 ||| Stepping ~*~*~tactically~*~*~ (stealth).
  2003 | D:2      | Reached XP level 3. HP: 16/28 MP: 4/4
  2161 | D:2      | 2161 ||| Stepping ~*~*~tactically~*~*~ (stealth).
  2242 | D:2      | 2242 ||| Stepping ~*~*~tactically~*~*~ (outnumbered).
  2459 | D:2      | Reached skill level 3 in Unarmed Combat
  2762 | D:2      | 2762 ||| UPGRADING to +0 pair of boots.
  2767 | D:2      | 2767 ||| UPGRADING to +0 ring mail.
  2777 | D:2      | 2777 ||| DROPPING +0 leather armour.
  2778 | D:2      | 2778 ||| UPGRADING to +0 helmet.
  2783 | D:2      | 2783 ||| READING 3 scrolls labelled HUDIRA KOPP.
  2786 | D:2      | 2786 ||| DRINKING 2 clear potions.
  2787 | D:2      | 2787 ||| READING 3 scrolls of identify.
  2787 | D:2      | 2787 ||| IDENTIFYING bubbling yellow potion
  2788 | D:2      | 2788 ||| READING 2 scrolls of identify.
  2788 | D:2      | 2788 ||| IDENTIFYING coppery potion
  2789 | D:2      | 2789 ||| DROPPING potion of flight.
  2790 | D:2      | 2790 ||| DROPPING potion of degeneration.
  2807 | D:3      | Found a shadowy altar of Dithmenos.
  2936 | D:3      | 2936 ||| Stepping ~*~*~tactically~*~*~ (stealth).
  2957 | D:3      | Found an opulent altar of Gozag.
  2969 | D:3      | Reached XP level 4. HP: 35/35 MP: 5/5
  2998 | D:3      | Found a snail-covered altar of Cheibriados.
  3243 | D:3      | 3243 ||| Stepping ~*~*~tactically~*~*~ (stealth).
  3245 | D:3      | 3245 ||| Stepping ~*~*~tactically~*~*~ (stealth).
  3246 | D:3      | 3246 ||| Stepping ~*~*~tactically~*~*~ (stealth).
  3247 | D:3      | 3247 ||| Stepping ~*~*~tactically~*~*~ (stealth).
  3328 | D:3      | HP: 2/35 [something/puff of flame (10)]
  3329 | D:3      | Killed from afar by an orc wizard

Levels and vault maps discovered:
D:1:      nicolae_arrival_somewhat_less_tricky_arrival, layout_rooms,
          hellmonk_ecumenical_altar_heavens_door, serial_co_window_serial,
          co_window_paths_a, co_window_corner_a, co_window_corner_a,
          co_window_corner_a, co_window_paths_a, co_window_paths_b,
          co_window_corner_a, co_window_paths_a, co_window_paths_a,
          co_window_of_opportunity_b, co_window_corner_ca, co_window_corner_b,
          co_window_corner_b, glass_columns_a
D:2:      layout_basic, minmay_pentomino_s4
D:3:      kennysheep_six_static_rooms, layout_basic, slow_altar_1,
          mainiacjoe_overflow_catwalk, old_standard_altar, st_stairs_12

Skill      XL: |  1  2  3 |
---------------+----------+-----
Unarmed Combat | 1 2 3 |  3.8
Fighting       | 1 |  1.2
Dodging        | |  1.7
Stealth        | |  2.1
Spellcasting   | |  1.7
Conjurations   | |  0.7
Fire Magic     | |  2.4

Action                   |  1- 3 |  4- 6 || total
-------------------------+-------+-------++-------
Melee: Unarmed           |   181 |    49 ||   230
       Punch             |     2 |     1 ||     3
  Use: Scroll            |     5 |       ||     5
       Potion            |     2 |       ||     2
 Stab: Sleeping          |     1 |       ||     1
Armor: Robe              |    21 |       ||    21
       Leather armour    |    14 |       ||    14
       Ring mail         |     3 |    16 ||    19
Dodge: Dodged            |    84 |    15 ||    99
Block: Other             |    28 |    12 ||    40

Table legend:
 A = Non-vault XP
 B = Vault XP
 C = Vault XP percentage of total XP
 D = Non-vault monster count
 E = Vault monster count
 F = Vault count percentage of total count
                 A         B        C        D         E       F
            +---------+---------+-------+---------+---------+-------
      Total |      93 |      11 |  10.6 |      47 |       5 |   9.6
            +---------+---------+-------+---------+---------+-------
        D:1 |      20 |       0 |   0.0 |      12 |       0 |   0.0
        D:2 |      40 |       3 |   7.0 |      23 |       2 |   8.0
        D:3 |      33 |       8 |  19.5 |      12 |       3 |  20.0
            +---------+---------+-------+---------+---------+-------
